 Dungeon Crawl Stone Soup version 0.23.0 (webtiles) character file.

Game seed: 2518109313574354671

23 leoctania the Grave Robber (level 2, -12/20 HPs)
             Began as a Hill Orc Necromancer on Feb 13, 2019.
             Shot with an arrow by a centaur (15 damage)
             ... on level 2 of the Dungeon.
             The game lasted 00:10:03 (1062 turns).

leoctania the Grave Robber (Hill Orc Necromancer)   Turns: 1062, Time: 00:10:03

Health: -12/20     AC:  2    Str: 10    XL:     2   Next: 95%
Magic:  2/4        EV: 12    Int: 15    God:
Gold:   4          SH:  0    Dex: 11    Spells: 2/4 levels left

rFire    . . .     SeeInvis .   e - +0 dagger
rCold    . . .     Gourm    .   (no shield)
rNeg     . . .     Faith    .   a - +0 robe
rPois    .         Spirit   .   (no helmet)
rElec    .         Reflect  .   (no cloak)
rCorr    .         Harm     .   (no gloves)
MR       .....                  (no boots)
Stlth    ++........             (no amulet)
HPRegen  0.06/turn              (no ring)
MPRegen  0.09/turn              (no ring)

@: no status effects
A: no striking features
a: no special abilities


You were on level 2 of the Dungeon.
You were not hungry.

You visited 1 branch of the dungeon, and saw 2 of its levels.

You collected 4 gold pieces.

Inventory:

Hand Weapons
 e - a +0 dagger (weapon)
 g - a +0 club
 i - a +0 whip
Missiles
 f - 21 arrows
 j - 20 stones (quivered)
Armour
 a - a +0 robe (worn)
Jewellery
 d - an uncursed ring of resist corrosion {unknown}
Scrolls
 k - a scroll of immolation {unknown}
Potions
 b - 2 potions of flight {unknown}
Comestibles
 c - 2 rations
 h - a chunk of flesh


   Skills:
 + Level 1.7 Dodging
 + Level 1.6 Stealth
 + Level 1.6 Spellcasting
 + Level 4.6 Necromancy


You had 2 spell levels left.
You knew the following spells:

 Your Spells              Type           Power        Failure   Level  Hunger
a - Pain                  Necr           ###.         3%          1    ##.....
b - Animate Skeleton      Necr           N/A          3%          1    ##.....

Your spell library contained the following spells:

 Spells                   Type           Power        Failure   Level  Hunger
 Vampiric Draining        Necr           ###.......   10%         3    ####...
 Regeneration             Chrm/Necr      #.........   26%         3    ####...
 Animate Dead             Necr           N/A          32%         4    #####..


Dungeon Overview and Level Annotations

Branches:
Dungeon (2/15)

Altars:


Message History

The arrow hits your frilled lizard skeleton.
The centaur shoots an arrow.
The arrow hits your frilled lizard skeleton!
Your frilled lizard skeleton is destroyed!
Found a stone staircase leading down.
A leopard gecko comes into view.
The leopard gecko hisses angrily.
The centaur shoots an arrow.
The arrow misses you. The leopard gecko closely misses you.
You see here an arrow.
You barely miss the leopard gecko.
The centaur shoots an arrow.
The arrow closely misses you.
The arrow hits the leopard gecko!
The leopard gecko dies!
The centaur shoots an arrow.
The arrow hits you!
Ouch! That really hurt!
* * * LOW HITPOINT WARNING * * *
You see here 2 arrows.
The centaur shoots an arrow.
The arrow hits you!
Ouch! That really hurt!
You die...

#... ........#
##.################
#<#
#<.>..............#.#
#.#
##............#.....#
#.#
#...).......#.#.#.#.#
#.#
##.#.##.#.#.#...#.#.#
#.# #.#.# #
#.#.#.#.#.####.#
#.#.#
#.#....(#.#.##...#
#.#.#
#...@...(.#.##.#.# #
#.#.#
#.#.#........%...####
#.#.#
#.....#.#c........+
#.#
#.....#.#..c.######
#>..........(#....+
########....c(.####
...........w...
####.#.##..####
#.......#


You could see a centaur.

Vanquished Creatures
  A dart slug (D:1)
  A giant cockroach (D:1)
  3 goblins (D:1)
  4 hobgoblins (D:1)
  A quokka (D:2)
  4 kobolds (D:1)
  4 rats (D:1)
18 creatures vanquished.

Vanquished Creatures (collateral kills)
  A frilled lizard (D:2)
1 creature vanquished.

Vanquished Creatures (others)
  A leopard gecko (D:2)
1 creature vanquished.

Grand Total: 20 creatures vanquished

Notes
Turn   | Place    | Note
-------+----------+-------------------------------------------
     0 | D:1      | leoctania the Hill Orc Necromancer began the quest for the
                  | Orb.
     0 | D:1      | Reached XP level 1. HP: 14/14 MP: 3/3
    23 | D:1      | Learned a level 1 spell: Animate Skeleton
   254 | D:1      | Reached XP level 2. HP: 5/20 MP: 0/4
   588 | D:1      | You fall through a shaft!
  1043 | D:2      | Noticed a centaur
  1062 | D:2      | Shot with an arrow by a centaur

Action                   || total
-------------------------++-------
Melee: Dagger            ||     4
 Cast: Pain              ||    36
       Animate Skeleton  ||     4
  Use: Scroll            ||     2
  Eat: Ration            ||     1
Dodge: Dodged            ||    13
